Map: Galactic Process LE

Players

Pokebunny

  • Race: Terran Terran
  • League: Master

RuFF - Winner!

  • Race: Terran Terran
  • League: Grandmaster

Event: Cheesadelphia Summer 2016

VOD

Have the link to the VOD?

Description

Time

  • Played on: July 24, 2016, 3:10 p.m.
  • Length: 10:33

All games in this series

Show
View Real Time Build Order
Export as new Build Order

Pokebunny Terran 

Build Orders: Reaper Expand, MMM Bio 

Get SALT Encoding   

  12  0:00  SCV  
  13  0:13  SCV  
  14  0:17  Supply Depot  
  14  0:25  SCV  
  15  0:39  Barracks, SCV  
  16  0:45  Refinery  
  16  0:51  SCV  
  17  1:03  SCV  
  18  1:15  SCV  
  19  1:27  Orbital Command  
  19  1:28  Reaper  
  20  1:43  Command Center  
  20  1:53  SCV  
  21  1:59  Marine  
  22  2:02  Supply Depot  
  22  2:09  Factory  
  22  2:12  SCV  
  23  2:20  Refinery  
  23  2:23  Marine  
  23  2:24  SCV  
  25  2:36  SCV  
  26  2:41  Marine  
  27  2:56  Orbital Command  
  27  3:02  SCV  
  27  3:03  Barracks Reactor  
  27  3:04  Factory Tech Lab  
  28  3:06  Starport  
  28  3:14  SCV  
  28  3:16  Barracks  
  32  3:34  SCV x2  
  32  3:40  Marine  
  32  3:41  Marine, Siege Tank  
  35  3:46  Medivac  
  37  3:49  SCV x2  
  37  3:51  Supply Depot  
  39  3:57  Refinery  
  39  3:59  Marine x2  
  39  4:01  SCV x2  
  39  4:02  Barracks Tech Lab  
  43  4:11  Supply Depot  
  46  4:17  Marine x2  
  46  4:19  Starport Reactor  
  46  4:20  Marine  
  46  4:21  Stimpack  
  46  4:22  SCV  
  46  4:23  SCV  
  48  4:32  Supply Depot, Siege Tank  
  48  4:35  SCV x2  
  48  4:38  Marine x3  
  56  4:48  SCV x2  
  58  4:59  Barracks  
  56  5:02  Barracks x2  
  56  5:06  Marine x2, Marauder  
  51  5:07  SCV x2  
  51  5:11  Bunker  
  51  5:12  Siege Tank  
  55  5:15  Medivac  
  55  5:19  Medivac  
  59  5:25  Marine x2, SCV  
  59  5:26  SCV  
  60  5:32  Marine  
  61  5:38  Supply Depot, Engineering Bay, SCV x2  
  63  5:44  Marine x2  
  63  5:48  Siege Tank  
  63  5:49  Barracks Reactor  
  68  5:52  Barracks Tech Lab, Barracks Reactor  
  68  5:54  SCV  
  68  5:55  SCV  
  70  6:02  Refinery  
  70  6:04  Marauder  
  70  6:05  Supply Depot  
  70  6:07  Medivac  
  74  6:14  Medivac  
  75  6:21  Supply Depot  
  73  6:30  Marine x5  
  73  6:31  Marauder x2  
  73  6:32  Marine  
  80  6:35  SCV  
  82  6:44  SCV  
  82  6:45  Supply Depot  
  83  6:47  SCV  
  83  6:51  Marine x2  
  83  6:52  Marauder  
  87  6:59  Marine x2  
  87  7:00  Marine x2  
  93  7:01  Combat Shields  
  93  7:04  Concussive Shells  
  93  7:06  SCV  
  93  7:07  SCV  
  93  7:09  Terran Infantry Weapons Level 1  
  93  7:12  Medivac  
  95  7:16  Marauder  
  95  7:21  Marine x4  
  101  7:25  Supply Depot  
  101  7:45  Marine  
  101  7:46  Marine x2  
  101  7:47  Medivac x2, Marauder  
  110  7:52  Supply Depot  
  110  7:54  Supply Depot, Marine  
  110  7:55  Marauder  
  94  8:04  Siege Tank  
  83  8:10  Marine x3  
  86  8:17  Command Center  
  86  8:22  Marine x2, Marauder  
  87  8:38  Marine x4, Marauder  
  87  8:40  Marine, Siege Tank  
  87  8:45  Marine, Marauder  
  90  8:48  Medivac  
  85  9:05  Marine x2, Marauder  
  54  9:16  Marine x2  
  54  9:17  Marine x2, Marauder  
  49  9:25  Marine x2  
  49  9:27  Marauder  
  49  9:30  Medivac  
  51  9:34  Marine x2  
  40  9:38  Marine  
  40  9:39  Marauder  
  40  9:41  Marine  
  27  9:49  Marine  
Show
View Real Time Build Order
Export as new Build Order

RuFF Terran - Winner!

Build Orders: Hellion Opening, Reaper Expand 

Get SALT Encoding   

  12  0:00  SCV  
  13  0:12  SCV  
  14  0:17  Supply Depot  
  14  0:24  SCV  
  15  0:28  Refinery  
  15  0:39  SCV  
  16  0:45  Barracks  
  16  0:51  SCV  
  17  1:03  SCV  
  18  1:15  SCV  
  19  1:31  Orbital Command  
  19  1:32  Reaper  
  20  1:44  Command Center  
  20  1:54  Factory  
  20  1:58  SCV  
  21  2:07  Barracks Reactor  
  21  2:10  SCV  
  21  2:11  Supply Depot  
  22  2:22  SCV  
  23  2:25  Refinery  
  23  2:34  Supply Depot, SCV  
  24  2:48  Hellion x2  
  27  3:04  Starport, Orbital Command  
  27  3:09  Hellion  
  27  3:10  Hellion  
  31  3:16  SCV  
  32  3:27  Orbital Command  
  32  3:29  Barracks Reactor  
  32  3:32  Hellion x2  
  36  3:34  SCV  
  37  3:46  Viking, Engineering Bay  
  39  3:50  SCV  
  39  3:53  SCV  
  41  4:06  SCV  
  41  4:09  Hellion x2  
  46  4:10  SCV  
  46  4:13  Missile Turret  
  47  4:18  SCV  
  47  4:23  Viking x2  
  52  4:26  SCV  
  52  4:30  SCV  
  54  4:38  Supply Depot  
  54  4:40  Supply Depot  
  54  4:44  Factory  
  54  5:07  SCV  
  54  5:08  Hellion x2  
  54  5:09  Medivac x2  
  54  5:10  SCV  
  64  5:14  Armory  
  64  5:19  SCV  
  65  5:22  SCV  
  66  5:31  SCV  
  66  5:33  Hellion, Factory Tech Lab  
  66  5:34  Hellion  
  69  5:41  Medivac x2  
  73  5:44  SCV  
  73  5:45  SCV  
  73  5:47  Supply Depot  
  75  5:56  SCV  
  76  5:57  SCV  
  76  6:01  Refinery  
  77  6:05  Hellion x3, Refinery  
  77  6:07  Supply Depot  
  77  6:10  Supply Depot  
  83  6:31  Hellion x3, Infernal Pre-Igniter  
  89  6:34  Medivac  
  89  6:39  SCV  
  93  6:40  SCV  
  93  6:52  Siege Tank  
  96  7:01  Hellion x2, Terran Vehicle Weapons Level 1  
  100  7:02  SCV  
  101  7:16  Command Center  
  101  7:19  SCV  
  102  7:24  Siege Tank  
  105  7:35  Viking  
  105  7:36  Viking  
  109  7:58  Hellion x2  
  100  8:01  Siege Tank  
  102  8:13  Factory  
  102  8:14  Factory  
  102  8:28  Hellion x2, SCV x2  
  102  8:33  Siege Tank  
  111  8:47  SCV  
  112  8:48  Supply Depot  
  112  8:49  Supply Depot  
  112  8:50  Hellion x2  
  112  8:51  Planetary Fortress  
  107  9:05  Hellion  
  107  9:06  SCV  
  101  9:10  Viking x2  
  101  9:11  Hellion  
  105  9:17  Hellion  
  106  9:26  Siege Tank  
  87  9:49  Hellion x2  
  85  9:58  Siege Tank  
Tags
 
Add a new tag
Caveats
  • Supply blocks, unpowered buildings, or Contaminate may cause inaccurate times.
  • Supply counts are checked every 10 seconds.